AoeStats
← Ndrangheta

Four Lakes

509536292Analyzed
1v1 RM · 6d ago on Sep 27, 2026· 15m 29s· 2 players
Game mode
Random Map
Map size
Tiny (2 player)
Population
200
Speed
Normal
Resources
Standard
Victory
Conquest
Starting age
Dark Age
Ending age
Imperial Age
RankedLock teamsTeams togetherTeam positionsShared explorationLock speedFull tech treeHidden civsTurbo modeCheats
Victory
Defeat
🇦🇷 Varangians · Argentina
1436
+18
🇵🇪 Mongols · Peru
1482
-18
Ndrangheta
5:07 Loom
10:35 Feudal Age
12:04 Double-Bit Axe
Caramandunga robada
0:25 Loom
8:47 Feudal Age
9:16 Double-Bit Axe
10:40 Fishing Lines
15:35 Gold Mining
Connection lost

Rejoining the realm…

Still unreachable

The connection could not be restored.

Session expired

The server has moved on; the page needs a fresh start.